 Dungeon Crawl Stone Soup version 0.21-a0-517-gd76cfe0 (webtiles) character file.

221 slep the Chopper (level 5, -3/46 HPs)
             Began as a Minotaur Gladiator on Dec 4, 2017.
             Slain by a worm (7 damage)
             ... on level 4 of the Dungeon.
             The game lasted 00:09:22 (2031 turns).

slep the Chopper (Minotaur Gladiator)               Turns: 2031, Time: 00:09:23

Health: -3/46      AC:  6    Str: 18    XL:     5   Next: 65%
Magic:  4/4        EV: 12    Int:  5    God:
Gold:   194        SH:  0    Dex: 13    Spells: 4/4 levels left

rFire    . . .     SeeInvis +   a - +0 war axe
rCold    . . .     Gourm    .   (no shield)
rNeg     . . .     Faith    +   k - +0 ring mail
rPois    .         Spirit   .   c - +0 hat
rElec    .         Reflect  .   (no cloak)
rCorr    .         Harm     .   p - +0 pair of gloves
MR       .....                  (no boots)
Stlth    +.........             e - amulet of faith
HPRegen  0.15/turn              i - ring of see invisible
MPRegen  0.09/turn              (no ring)

@: no status effects
A: retaliatory headbutt, horns 2
a: no special abilities


You were on level 4 of the Dungeon.
You were not hungry.

You visited 1 branch of the dungeon, and saw 4 of its levels.

You collected 194 gold pieces.

Inventory:

Hand Weapons
 a - a +0 war axe (weapon)
Missiles
 d - 3 throwing nets (quivered)
 v - 2 tomahawks of returning
Armour
 b - a +0 leather armour
 c - a +0 hat (worn)
 k - a +0 ring mail (worn)
 o - the +0 helmet of the Doge {+Fly Stlth+, unknown}
   (You took it off Robin on level 2 of the Dungeon)

   It lets you fly.
   It makes you more stealthy.
 p - a +0 pair of gloves (worn)
Jewellery
 e - an amulet of faith (around neck)
 h - an uncursed amulet of guardian spirit
 i - a ring of see invisible (left hand)
 r - a +6 amulet of reflection
Scrolls
 g - 8 scrolls of identify {unknown}
 l - 2 scrolls of immolation {unknown}
 w - 4 scrolls of remove curse {unknown}
 x - a scroll of fear {unknown}
Potions
 j - a potion of degeneration {unknown}
 n - a potion of might {unknown}
 q - 2 potions of agility {unknown}
 s - a potion of cancellation {unknown}
 t - 3 potions of flight {unknown}
 u - a potion of haste {unknown}
 A - a potion of curing {unknown}
Comestibles
 f - 4 bread rations
 m - 3 meat rations
 z - 3 chunks of flesh


   Skills:
 + Level 3.7 Fighting
 + Level 6.0 Axes
 + Level 2.3 Throwing
 + Level 2.2 Armour
 + Level 3.8 Dodging
 + Level 0.2 Stealth


You had 4 spell levels left.
You didn't know any spells.

Dungeon Overview and Level Annotations

Branches:
Dungeon (4/15)
 Temple: D:4-7

Altars:
Elyvilon


Innate Abilities, Weirdness & Mutations

You reflexively headbutt those who attack you in melee.
You have a pair of horns on your head.


Message History

You kill the frilled lizard!
The orc closely misses you. You furiously retaliate!
You headbutt the orc. You closely miss the orc.
The orc is almost dead.
The phantom blinks!
The orc hits you with a short sword.
You completely miss the orc. You headbutt the orc.
You kill the orc!
You hit the worm but do no damage. The worm bites you!
* * * LOW HITPOINT WARNING * * *
You slash the worm!
The worm is severely wounded.
The phantom blinks!
Your ring mail prevents you from hitting the worm.
The worm is severely wounded.
The worm bites you.
* * * LOW HITPOINT WARNING * * *
You hit the worm.
The worm is severely wounded.
The worm bites you!
You die...

.. .. .. .. ##
##.##.#
........# .
.#>...#### #..
.........
#....##)w.$.###
#...W..@)......
#.......######.
.........
.......###
....... ....(#.
...#.#? .###.#.


You could see a phantom and a worm.

Vanquished Creatures
  A bullfrog zombie (D:3)
  An orc wizard (D:4)
  An orc priest (D:4)
  Robin (D:2)
  3 adders
  A dart slug (D:1)
  4 leopard geckos
  3 orcs (D:4)
  2 giant cockroaches
  16 goblins
  8 hobgoblins
  11 jackals
  4 quokkas (D:3)
  6 bats
  6 frilled lizards
  5 kobolds
  9 rats
82 creatures vanquished.

Notes
Turn   | Place    | Note
-------+----------+-------------------------------------------
     0 | D:1      | slep the Minotaur Gladiator began the quest for the Orb.
     0 | D:1      | Reached XP level 1. HP: 18/18 MP: 0/0
   104 | D:1      | Reached XP level 2. HP: 3/25 MP: 1/1
   115 | D:1      | Reached skill level 4 in Axes
   124 | D:1      | HP: 1/25 [jackal (3)]
   761 | D:1      | Reached XP level 3. HP: 30/30 MP: 2/2
   794 | D:1      | Reached skill level 1 in Armour
   847 | D:2      | Found a white marble altar of Elyvilon.
   987 | D:2      | Noticed Robin
  1004 | D:2      | Reached XP level 4. HP: 16/38 MP: 3/3
  1013 | D:2      | Killed Robin
  1020 | D:2      | Got an ichor-stained helmet
  1681 | D:3      | Reached skill level 5 in Axes
  1745 | D:3      | Reached XP level 5. HP: 35/45 MP: 4/4
  2006 | D:4      | Noticed a phantom
  2020 | D:4      | Reached skill level 6 in Axes
  2031 | D:4      | Slain by a worm

Vault maps used:
D:1:      lemuel_arrival_broad_hall, minmay_crystal_water, st_stairs_14
D:2:      overflow_temple_1_default, first_bread, uniq_robin
D:4:      kennysheep_mini_moat, minmay_temple_entry_large_hall

Skill      XL: |  1  2  3  4  5 |
---------------+----------------+-----
Axes           | 4 5 6 |  6.0
Armour         | 1 2 |  2.2
Fighting       | 3 |  3.7
Throwing       | |  2.3
Dodging        | |  3.8
Stealth        | |  0.2

Action                   |  1- 3 |  4- 6 || total
-------------------------+-------+-------++-------
Melee: War axe           |    73 |    73 ||   146
       Headbutt          |    11 |    10 ||    21
  Eat: Chunk             |       |     4 ||     4
Armor: Leather armour    |     6 |       ||     6
       Ring mail         |    18 |    38 ||    56
Dodge: Dodged            |    60 |    54 ||   114

Table legend:
 A = Spawn XP
 B = Non-spawn XP
 C = Spawn XP percentage of total XP
 D = Spawn monster count
 E = Non-spawn monster count
 F = Spawn count percentage of total count
 G = Total turns spent on level
                    A         B        C        D         E        F      G
               +---------+---------+-------+---------+---------+-------+---------
         Total |       0 |     316 |   0.0 |       0 |      82 |   0.0 |  2031
               +---------+---------+-------+---------+---------+-------+---------
           D:1 |       0 |      45 |   0.0 |       0 |      27 |   0.0 |   817
           D:2 |       0 |      79 |   0.0 |       0 |      30 |   0.0 |   825
           D:3 |       0 |      96 |   0.0 |       0 |      18 |   0.0 |   364
           D:4 |       0 |      96 |   0.0 |       0 |       7 |   0.0 |    25
               +---------+---------+-------+---------+---------+-------+---------
